 Dungeon Crawl Stone Soup version 0.27.0-1-g7a089689b8 (webtiles) character file.

Game seed: 5391535450562085546

43 Lochraine the Magician (level 3, 0/19 HPs)
             Began as a Vampire Hedge Wizard on Aug 12, 2021.
             Slain by an adder (2 damage)
             ... on level 2 of the Dungeon.
             The game lasted 00:04:15 (1704 turns).

Lochraine the Magician (Vampire Hedge Wizard)       Turns: 1704, Time: 00:04:16

Health: 0/19       AC:  2    Str:  9    XL:     3   Next: 37%
Magic:  2/7        EV: 12    Int: 17    God:
Gold:   70         SH:  0    Dex: 13    Spells: 3/8 levels left

rFire    . . .     SeeInvis +   a - +0 dagger
rCold    + + .     Faith    .   (no shield)
rNeg     + + +     Spirit   .   b - +0 robe
rPois    ∞         Reflect  .   c - +0 hat
rElec    .         Harm     .   (no cloak)
rCorr    .         Rampage  .   (no gloves)
Will     .....                  (no boots)
Stlth    ++++......             (no amulet)
HPRegen  0.00/turn              (no ring)
MPRegen  0.10/turn              (no ring)

@: bloodless, inhibited regen
A: bloodless, fangs 3, see invisible, vampiric 2
a: Bat Form, Revivify


You were on level 2 of the Dungeon.
You visited 1 branch of the dungeon, and saw 2 of its levels.

You collected 70 gold pieces.

Inventory:

Hand Weapons
 a - a +0 dagger (weapon)
Missiles
 j - 7 javelins
Armour
 b - a +0 robe (worn)
 c - a +0 hat (worn)
Jewellery
 e - a ring of fire
   (You found it on level 1 of the Dungeon)
Scrolls
 f - 2 scrolls of identify {unknown}
 h - a scroll of amnesia {unknown}
 k - a scroll of fog {unknown}
Potions
 d - a potion of mutation {unknown}
 g - a potion of ambrosia {unknown}
 i - a potion of might {unknown}


   Skills:
 - Level 2.1 Dodging
 - Level 3.0 Stealth
 + Level 3.3 Spellcasting
 + Level 1.3 Conjurations
 + Level 1.7 Summonings
 + Level 1.4 Translocations


You had 3 spell levels left.
You knew the following spells:

 Your Spells              Type           Power      Damage    Failure   Level
a - Magic Dart            Conj           28%        1d4       10%         1
b - Call Imp              Summ           8%         N/A       12%         2
c - Blink                 Tloc           N/A        N/A       14%         2

Your spell library contained the following spells:

 Spells                   Type           Power      Damage    Failure   Level
 Slow                     Hex            2%         N/A       26%         2
 Conjure Flame            Conj/Fire      5%         6-21      36%         3
 Mephitic Cloud           Conj/Pois/Air  4%         N/A       38%         3


Dungeon Overview and Level Annotations

Branches:
Dungeon (2/15)

Altars:


Innate Abilities, Weirdness & Mutations

You do not regenerate when monsters are visible.
You are frail without blood (-20% HP).
You can heal yourself when you bite living creatures.
You are immune to poison.
You have razor-sharp teeth.
You have supernaturally acute eyesight. (SInv)
You are afflicted with vampirism and can become a bat while bloodless.


Message History

A quokka is nearby!
Aim: a quokka (100% to hit)
You miscast Magic Dart.
You are very lightly contaminated with residual magic.
Nothing appears to happen.
Aim: a quokka (100% to hit)
The magic dart hits the quokka.
You hit the quokka but do no damage. The quokka barely misses you.
You hit the quokka. You bite the quokka, but do no damage.
The quokka bites you but does no damage.
You barely miss the quokka. The quokka bites you.
You hit the quokka but do no damage.
The quokka twitches its whiskers.
The quokka completely misses you. The quokka closely misses you.
You hit the quokka.
You kill the quokka!
Your magical contamination has completely faded away.
An adder is nearby!
Aim: an adder (asleep, 100% to hit)
The magic dart hits the adder.
Aim: an adder (moderately wounded, 100% to hit)
The magic dart hits the adder but does no damage.
Aim: an adder (moderately wounded, 100% to hit)
You miscast Magic Dart.
You are very lightly contaminated with residual magic.
Nothing appears to happen.
Aim: an adder (moderately wounded, 100% to hit)
The magic dart hits the adder.
Aim: an adder (heavily wounded, 100% to hit)
The magic dart hits the adder.
You closely miss the adder. The adder bites you. The adder barely misses you.
You closely miss the adder. Your bite misses the adder. The adder bites you.
You miss the adder. The adder bites you but does no damage.
You hit the adder but do no damage. The adder barely misses you.
The adder closely misses you.
Your magical contamination has completely faded away.
You hit the adder. Your bite misses the adder. The adder barely misses you.
You miss the adder. The adder bites you.
You barely miss the adder. Your bite misses the adder. The adder bites you.
* * * LOW HITPOINT WARNING * * *
The adder barely misses you.
You barely miss the adder. The adder bites you.
* * * LOW HITPOINT WARNING * * *
Aim: an adder (almost dead, 100% to hit)
The magic dart hits the adder.
The adder bites you.
* * * LOW HITPOINT WARNING * * *
Okay, then.
You hit the adder but do no damage. The adder misses you.
You miss the adder. The adder closely misses you. The adder bites you.
You die...

#.#+#........#..#
#...#.#.#.####..#
##..#...#.......#
#.>###########.#####
###.......#.........
#.#####.#.##.#####
#.# #.....# #.#
####..# #@# #..#
......S.# #..#
........# ...#
........# ##.#
......#.. ..
......### ......
......


You could see an adder.

Vanquished Creatures
  2 dart slugs (D:1)
  2 bats (D:1)
  3 endoplasms (D:1)
  A giant cockroach (D:1)
  4 goblins
  2 hobgoblins (D:1)
  3 jackals (D:1)
  3 quokkas
  5 ball pythons (D:1)
  2 frilled lizards (D:1)
  5 kobolds
  2 rats (D:1)
34 creatures vanquished.

Notes
Turn   | Place    | Note
-------+----------+-------------------------------------------
     0 | D:1      | Lochraine the Vampire Hedge Wizard began the quest for the
                  | Orb.
     0 | D:1      | Reached XP level 1. HP: 13/13 MP: 4/4
   185 | D:1      | Found a faded altar of an unknown god.
   227 | D:1      | Reached skill level 1 in Translocations
   343 | D:1      | Reached XP level 2. HP: 19/19 MP: 3/6
   382 | D:1      | Reached skill level 1 in Conjurations
   672 | D:1      | Gained mutation: You are afflicted with vampirism and can
                  | become a bat while bloodless. [Vampire growth]
   672 | D:1      | Reached XP level 3. HP: 7/24 MP: 0/7
  1347 | D:1      | Learned a level 2 spell: Call Imp
  1350 | D:1      | Learned a level 2 spell: Blink
  1704 | D:2      | Slain by an adder

Illustrated notes

Levels and vault maps discovered:
D:1:      onia_arrival_mini_maze, layout_basic,
          shapermc_ecumenical_altar_acropolis, minmay_split_cup_small
D:2:      kennysheep_six_static_rooms, layout_basic, uniq_terence

Skill      XL: |  1  2 |
---------------+-------+-----
Translocations | 1 |  1.4
Conjurations   | 1 |  1.3
Dodging        | |  2.1
Stealth        | |  3.0
Spellcasting   | |  3.3
Summonings     | |  1.7

Action                   || total
-------------------------++-------
Melee: Dagger            ||   108
       Bite              ||     5
 Cast: Magic Dart        ||    39
 Abil: Exsanguinate      ||     1
 Stab: Sleeping          ||    10
Armor: Robe              ||    13
Dodge: Dodged            ||    74
